 Dungeon Sprint DCSS version 0.18-a0-1354-gbc5753f (webtiles) character file.

110 Kidiri the Sneak (level 4, -2/23 HPs)
             Began as a Spriggan Enchanter on Feb 20, 2016.
             Was an Initiate of Dithmenos.
             Splashed by an oklob sapling wizard's acid (12 damage)
             ... in the Dungeon (Sprint IV: "Fedhas' Mad Dash").
             The game lasted 00:02:14 (465 turns).

Kidiri the Sneak (Spriggan Enchanter)                Turns: 465, Time: 00:02:15

Health: -2/23      AC:  6    Str:  4    XL:     4   Next: 61%
Magic:  10/12      EV: 21    Int: 17    God:    Dithmenos [......]
Gold:   49         SH:  0    Dex: 16    Spells: 4 memorised, 4 levels left

rFire  . . .     SeeInvis +     a - +1 dagger
rCold  . . .     Gourm    .     b - +1 robe
rNeg   . . .     Faith    .     (shield restricted)
rPois  .         Spirit   .     (helmet restricted)
rElec  .         Dismiss  .     i - +2 cloak {+Inv}
rCorr  .         Reflect  .     (gloves unavailable)
SustAt .         Harm     .     (boots unavailable)
MR     .....     NoTele   +     (no amulet)
Stlth  ++++......               (no ring)
                                (no ring)

@: very slightly contaminated, invisible, very quick, not resistant to hostile
enchantments, stealthy
A: unfitting armour, see invisible, herbivore 3, speed 3, slow metabolism 2
a: Renounce Religion, Turn Visible


You were in the Dungeon.
You worshipped Dithmenos.
Dithmenos was noncommittal.
You were not hungry.

You visited 1 branch You collected 49 gold pieces.

Inventory:

Hand Weapons
 a - a +1 dagger (weapon)
Armour
 b - a +1 robe (worn)
 i - a +2 cloak of invisibility (worn)
Scrolls
 j - a scroll of blinking
 l - a scroll of immolation {unknown}
Potions
 e - a potion of curing
 f - a potion of heal wounds
 g - a potion of haste
 h - 2 potions of magic
Books
 c - a book of Maledictions

   Spells                             Type                      Level
   a - Corona                         Hexes                        1
   b - Ensorcelled Hibernation        Hexes/Ice                    2
   c - Confuse                        Hexes                        3
   d - Tukima's Dance                 Hexes                        3
   e - Dazzling Spray                 Conjuration/Hexes            3
Comestibles
 d - a bread ration
 k - 2 fruits


   Skills:
 + Level 1.8 Fighting
 * Level 4.1 Short Blades
 + Level 1.6 Armour
 * Level 5.8 Dodging
 * Level 7.2 Stealth
 * Level 5.0 Spellcasting
 + Level 1.0 Conjurations
 + Level 4.8 Hexes
 + Level 1.4 Ice Magic
 + Level 0.0 Invocations
 + Level 1.5 Evocations


You had 4 spell levels left.
You knew the following spells:

 Your Spells              Type           Power        Failure   Level  Hunger
a - Corona                Hex            ###....      1%          1    None
b - Ensorcelled Hibernat  Hex/Ice        ###...       10%         2    #......
c - Confuse               Hex            ###.....     8%          3    ###....
e - Dazzling Spray        Conj/Hex       ##......     14%         3    ###....


Dungeon Overview and Level Annotations

Branches:
Dungeon (1/1)

Altars:
Cheibriados
Dithmenos
Elyvilon
Gozag
Kikubaaqudgha
Makhleb
Nemelex Xobeh
Okawaru
Pakellas
Qazlal
Ru
Sif Muna
Trog
Vehumet
Xom
Yredelemnul
Zin
The Shining One
Beogh
Jiyva
Lugonu

Annotations:
D exclusion: oklob sapling


Innate Abilities, Weirdness & Mutations

You are tiny and cannot use many weapons and most armour.
You have supernaturally acute eyesight.
You are an herbivore.
You cover ground extremely quickly.
You need consume almost no food.


Message History

You flicker back into view.
You start resting.
Magic restored.
Unknown command.
You fade into invisibility!
You feel somewhat more hungry. As you open the door, it creaks loudly!
Marking area around the oklob sapling wizard as unsafe for travelling.
An oklob sapling wizard comes into view.
Found a scroll labeled OFYKAT ROUGU.
Found 16 stones.
There is an open door here.
Unknown command.
You hit the oklob sapling wizard but do no damage.
The oklob sapling wizard spits acid at you.
The splash of acid hits you!
Ouch! That really hurt!
The acid burns!
Ouch! That really hurt!
You die...

###################
.#.⌠...._....⌠.#.?+
.'._._._._._._.'@P#
.#_._._._._._._#..#
##._._._._._._.#.(#
#.⌠...._....⌠.####
###############


You could see an oklob sapling wizard.

Vanquished Creatures
  2 oklob saplings (D)
  A worker ant (D)
  A river rat (D)
  A rat (D)
5 creatures vanquished.

Notes
Turn   | Place    | Note
--------------------------------------------------------------
     0 | D        | Kidiri the Spriggan Enchanter began the quest for the Orb.
     0 | D        | Reached XP level 1. HP: 9/9 MP: 5/5
    12 | D        | Reached skill level 5 in Stealth
    12 | D        | Reached XP level 2. HP: 4/14 MP: 7/7
    19 | D        | Learned a level 2 spell: Ensorcelled Hibernation
   269 | D        | Noticed an oklob sapling
   270 | D        | Killed an oklob sapling
   270 | D        | Reached skill level 1 in Fighting
   270 | D        | Reached skill level 1 in Armour
   270 | D        | Reached XP level 3. HP: 18/18 MP: 7/9
   275 | D        | Learned a level 3 spell: Confuse
   279 | D        | Learned a level 3 spell: Dazzling Spray
   293 | D        | Reached skill level 5 in Dodging
   293 | D        | Reached skill level 6 in Stealth
   293 | D        | Reached skill level 1 in Ice Magic
   424 | D        | Found a snail-covered altar of Cheibriados.
   424 | D        | Found a glowing silver altar of Zin.
   424 | D        | Found a white marble altar of Elyvilon.
   424 | D        | Found a viscous altar of Jiyva.
   424 | D        | Found a radiant altar of Vehumet.
   424 | D        | Found a deep blue altar of Sif Muna.
   424 | D        | Found an ancient bone altar of Kikubaaqudgha.
   424 | D        | Found a bloodstained altar of Trog.
   424 | D        | Found a corrupted altar of Lugonu.
   424 | D        | Noticed an oklob sapling priest
   425 | D        | Found a burning altar of Makhleb.
   425 | D        | Found an oddly glowing altar of Pakellas.
   425 | D        | Found a sacrificial altar of Ru.
   426 | D        | Found a glowing golden altar of the Shining One.
   426 | D        | Found a sparkling altar of Nemelex Xobeh.
   427 | D        | Found a shadowy altar of Dithmenos.
   428 | D        | Found an iron altar of Okawaru.
   428 | D        | Found a shimmering altar of Xom.
   429 | D        | Found an opulent altar of Gozag.
   430 | D        | Found a basalt altar of Yredelemnul.
   430 | D        | Found a roughly hewn altar of Beogh.
   431 | D        | Killed an oklob sapling priest
   431 | D        | Reached skill level 7 in Stealth
   431 | D        | Reached skill level 5 in Spellcasting
   431 | D        | Reached skill level 1 in Conjurations
   431 | D        | Reached skill level 1 in Evocations
   431 | D        | Reached XP level 4. HP: 23/23 MP: 8/12
   432 | D        | Found a stormy altar of Qazlal.
   436 | D        | Became a worshipper of Dithmenos the Shadowed
   465 | D        | Splashed by an oklob sapling wizard's acid

Vault maps used:
D:        dungeon_sprint_fedhas

Action                   |  1- 3 |  4- 6 || total
-------------------------+-------+-------++-------
Melee: Dagger            |     8 |     1 ||     9
 Cast: Ensorcelled Hiber |     1 |       ||     1
 Abil: Evoke Invisibilit |     1 |     1 ||     2
  Use: Potion            |     1 |       ||     1
 Stab: Sleeping          |     3 |       ||     3
